 Dungeon Crawl Stone Soup version 0.17-a0-1596-g1e86911 (console) character file.

531496 Illaniel the Spry (level 24, -4/166 (167) HPs)
             Began as a High Elf Skald on July 28, 2015.
             Was the Champion of the Shining One.
             Shot with an arrow of frost by a deep elf master archer (14 damage)
             ... created by the fury of Okawaru
             ... on level 1 of Tartarus on July 30, 2015.
             The game lasted 11:05:29 (70631 turns).

Illaniel the Spry (High Elf Skald)                 Turns: 70631, Time: 11:05:30

HP:   -4/166 (167)  AC: 26    Str: 27    XL:     24   Next: 97%
MP:   48/54         EV: 27    Int: 27    God:    the Shining One [******]
Gold: 5408          SH:  0    Dex: 19    Spells: 14 memorised, 8 levels left

rFire  . . .     SeeInvis .     h - +7 triple sword (holy)
rCold  . . .     Clarity  .     Z - +6 scale mail of the Storm King {rElec rN+ Regen+}
rNeg   + + +     SustAt   .     (no shield)
rPois  .         Gourm    .     X - +2 hat {MR+}
rElec  +         Spirit   .     d - +0 cloak "Xoytsuem" {Str+6 Int+3 Slay+5}
rCorr  .         Warding  .     E - +2 pair of gloves {Str+3}
rMut   .         Stasis   .     W - +2 pair of boots {Stlth+}
MR     +++..                    F - amulet of regeneration
Stlth  ++........               y - +6 ring of slaying
                                o - ring of Scepticism {rElec MP+9 Str+3 Int+4}

@: non-regenerating, diseased, glowing, extremely resistant to hostile
enchantments, unstealthy
A: dopey 1
a: Divine Shield, Cleansing Flame, Summon Divine Warrior, Renounce Religion
}: 2/15 runes: serpentine, barnacled


You were on level 1 of Tartarus.
You worshipped the Shining One.
The Shining One was exalted by your worship.
You were very hungry.

You visited 12 branches of the dungeon, and saw 53 of its levels.
You visited the Abyss 1 time.
You also visited: Labyrinth, Sewer and Ice Cave.

You collected 6351 gold pieces.
You spent 943 gold pieces at shops.

Inventory:

Hand weapons
 a - the +9 triple sword of Tartarus {flame, MR+ Str+3 Int+3 Dex+3}
   (Okawaru gifted it to you on level 5 of the Depths)

   It has been specially enchanted to burn those struck by it, causing extra
   injury to most foes and up to half again as much damage against particularly
   susceptible opponents.
   Big, fiery blades are also staple armaments of hydra-hunters.
   It affects your strength (+3).
   It affects your intelligence (+3).
   It affects your dexterity (+3).
   It affects your resistance to hostile enchantments.
 c - the +5 great sword "Hipusic" {freeze, rF+ MR+ Int+3 Dex+4}
   (Okawaru gifted it to you on level 3 of the Elven Halls)

   It has been specially enchanted to freeze those struck by it, causing extra
   injury to most foes and up to half again as much damage against particularly
   susceptible opponents.
   It can also slow down cold-blooded creatures.
   It affects your intelligence (+3).
   It affects your dexterity (+4).
   It protects you from fire.
   It affects your resistance to hostile enchantments.
 f - the +10 great sword of Greatest Utility {flame, rElec rC++}
   (Okawaru gifted it to you on level 8 of the Lair of Beasts)

   It has been specially enchanted to burn those struck by it, causing extra
   injury to most foes and up to half again as much damage against particularly
   susceptible opponents.
   Big, fiery blades are also staple armaments of hydra-hunters.
   It greatly protects you from cold.
   It insulates you from electricity.
 h - a +7 triple sword of holy wrath (weapon)
Armour
 d - the +0 cloak "Xoytsuem" (worn) {Str+6 Int+3 Slay+5}
   (You found it on level 1 of the Shoals)

   It affects your strength (+6).
   It affects your intelligence (+3).
   It affects your accuracy and damage with ranged weapons and melee attacks
   (+5).
 B - the +0 leather armour of Distant Shores {rF+ Int+5}
   (You found it on level 11 of the Dungeon)

   It affects your intelligence (+5).
   It protects you from fire.
 E - a +2 pair of gloves of strength (worn)
 H - a +2 hat of see invisible
 R - the +1 leather armour "Hulun" {+Blink rC+ rCorr Str+5}
   (You found it on level 8 of the Dungeon)

   It affects your strength (+5).
   It protects you from cold.
   It lets you blink.
   It protects you from acid and corrosion.
 W - a +2 pair of boots of stealth (worn)
 X - a +2 hat of magic resistance (worn)
 Z - the +6 scale mail of the Storm King (worn) {rElec rN+ Regen+}
   (Okawaru gifted it to you on level 2 of the Snake Pit)

   It insulates you from electricity.
   It protects you from negative energy.
   It increases your rate of regeneration.
Jewellery
 j - an uncursed ring of flight
 m - an uncursed ring of sustain attributes
 o - the ring of Scepticism (left hand) {rElec MP+9 Str+3 Int+4}
   (You found it on level 1 of the Lair of Beasts)

   [ring of magical power]

   It affects your strength (+3).
   It affects your intelligence (+4).
   It insulates you from electricity.
   It affects your magic capacity (+9).
 s - the ring "Gafoethra" {MR+ Slay+3}
   (You took it off a deep elf demonologist on level 3 of the Elven Halls)

   [ring of protection from magic]

   It affects your accuracy and damage with ranged weapons and melee attacks
   (+3).
   It affects your resistance to hostile enchantments.
 t - an uncursed amulet of warding
 y - a +6 ring of slaying (right hand)
 F - an amulet of regeneration (around neck)
Magical devices
 w - a wand of teleportation (1)
 T - a wand of disintegration (5)
 Y - a wand of digging (5)
Scrolls
 g - 2 scrolls of blinking
 i - 20 scrolls of identify
 k - 2 scrolls of vulnerability
 u - 4 scrolls of teleportation
 I - 7 scrolls of immolation
 J - a scroll of fear
 K - a scroll of summoning
 O - 3 scrolls of magic mapping
 P - 13 scrolls of remove curse
 Q - 5 scrolls of fog
Potions
 e - 17 potions of curing
 n - 2 potions of heal wounds
 p - 3 potions of brilliance
 q - 4 potions of lignification
 r - 3 potions of agility
 x - 2 potions of resistance
 A - 3 potions of might
 C - 2 potions of berserk rage
 M - a potion of cancellation
Miscellaneous
 b - a lamp of fire
Comestibles
 v - 2 beef jerkies
 D - 3 meat rations
 G - 3 bread rations


   Skills:
 + Level 14.4 Fighting
 + Level 17.9 Long Blades
 + Level 13.5 Armour
 + Level 20.2 Dodging
 - Level 12.0 Stealth
 * Level 17.0 Spellcasting
 - Level 8.0 Hexes
 - Level 15.4 Charms
 - Level 4.2 Summonings
   Level 2.0 Necromancy
 + Level 12.6 Translocations
   Level 5.3 Ice Magic
 * Level 19.7 Air Magic
 - Level 3.0 Poison Magic
 + Level 10.5 Invocations
 - Level 10.0 Evocations


You had 8 spell levels left.
You knew the following spells:

 Your Spells              Type           Power        Failure   Level  Hunger
b - Song of Slaying       Chrm           #######.     0%          2    None
c - Spectral Weapon       Hex/Chrm       ######..     1%          3    None
d - Tukima's Dance        Hex            ######..     1%          3    None
e - Haste                 Chrm           #######.     1%          6    ###....
f - Deflect Missiles      Chrm/Air       #######...   1%          6    ###....
h - Phase Shift           Tloc           ######....   1%          5    None
l - Summon Lightning Spi  Summ/Air       ######..     1%          4    None
p - Apportation           Tloc           ######....   1%          1    None
s - Silence               Hex/Air        #######...   1%          5    None
t - Blink                 Tloc           N/A          1%          2    None
z - Summon Butterflies    Summ           #####...     1%          1    None
E - Swiftness             Chrm/Air       #######.     0%          2    None
P - Cure Poison           Pois           #####.....   1%          2    None
T - Controlled Blink      Tloc           N/A          21%         7    #####..


Dungeon Overview and Level Annotations

Branches:
Dungeon (15/15)            Temple (1/1) D:6            Lair (8/8) D:10
 Shoals (4/4) Lair:4        Snake (4/4) Lair:4        Slime (0/6) Lair:7
    Orc (4/4) D:9             Elf (3/3) Orc:4        Vaults (4/5) D:13
  Crypt (3/3) Vaults:2       Tomb (0/3) Crypt:3      Depths (5/5) D:15
   Hell (1/1)                 Dis (0/7) Hell            Geh (0/7) Hell
    Tar (1/7) Hell            Zot (0/5) Depths:5
    Coc: Hell:1

Altars:
Ashenzari
Cheibriados
Dithmenos
Elyvilon
Fedhas
Gozag
Kikubaaqudgha
Makhleb
Nemelex Xobeh
Okawaru
Qazlal
Ru
Sif Muna
Trog
Vehumet
Xom
Yredelemnul
Zin
The Shining One
Beogh

Shops:
Orc:1 (   Orc:4 !:(?[   Elf:3 [   Vaults:2 *   Vaults:3 ?

Portals:
Hell: Lair:8 Depths:1 Depths:2 Depths:3 Depths:4 Depths:5
Abyss: Depths:4
Pandemonium: Depths:2 Depths:3
Ziggurat: Depths:5
Trove: D:13 (give 8 potions of haste)

Annotations:
Hell exclusion: 2 ice statues


Innate Abilities, Weirdness & Mutations

You are dopey. (Int -2)


Message History

The Shining One accepts your kill.
You feel better.
You feel your power returning.
The deep elf master archer shoots an arrow of frost.
The arrow of frost hits you! The arrow of frost freezes you.
The arrow of frost disappears in a puff of smoke!
Your daeva completely misses the deep elf master archer.
Your daeva hits the deep elf master archer with an eudemon blade of holy wrath!
The deep elf master archer shoots an arrow of frost.
The arrow of frost hits you! The arrow of frost freezes you.
* * * LOW HITPOINT WARNING * * *
The arrow of frost disappears in a puff of smoke!
You barely miss the deep elf master archer.
The deep elf master archer is severely wounded.
Your daeva calls down the wrath of the Shining One upon the deep elf master archer.
The deep elf master archer is smitten.
The deep elf master archer shoots an arrow of frost.
The arrow of frost hits you!!!
* * * LOW HITPOINT WARNING * * *
The arrow of frost freezes you!
You die...

▒▒▒ ▒▒ ▒▒▒
▒▒∙▒▒ ▒∙▒ ▒∙▒
▒▒∙∙∙▒▒▒∙▒
▒∙▒
▒∙∙▒∙∙▒▒∙▒
▒∙▒▒
▒▒))▒∙∙∙▒∙▒
▒∙∙▒
▒∙∙)▒▒∙∙∙∙▒
▒∙∙▒
▒▒∙∙(▒▒▒∙∙∙▒
▒∙∙▒ ▒ ▒∙∙@A▒
▒▒∙∙▒ ▒∙∙▒▒▒
▒∙∙∙∙∙∙∙e▒
▒▒∙▒ ▒∙∙∙▒▒
▒∙∙∙∙Z∙∙∙▒
▒∙▒▒ ▒▒∙∙▒∙
∙∙∙∙∙∙▒∙∙▒
▒∙∙▒ ▒∙∙▒∙
∙∙∙∙∙∙∙∙∙▒
▒▒∙▒ ▒∙∙∙∙
∙∙∙∙∙∙∙∙∙▒
▒∙▒ ▒∙∙∙∙
∙∙∙∙∙∙∙∙∙▒
▒∙▒▒ ▒∙∙∙∙
∙∙∙∙∙∙∙∙∙▒
▒▒∙∙▒▒▒∙∙∙∙
▒∙∙∙∙∙∙∙∙∙∙
▒∙∙∙∙∙∙∙)))
▒∙∙∙∙∙∙∙∙∙∙
▒∙∙∙∙∙∙∙∙)∙∙
▒∙∙∙∙∙∙∙∙∙∙∙∙


∙∙∙∙∙∙∙∙∙∙∙∙∙∙ ∙∙∙∙∙∙∙∙∙∙∙∙∙∙ ∙∙∙∙∙∙∙∙∙∙∙∙∙∙ ∙∙∙∙∙∙∙∙∙∙∙ You could see a deep
elf master archer, an ice dragon zombie and a friendly daeva.

Vanquished Creatures
  5 ancient liches
  Mara (Crypt:2)
  Sojobo (Vaults:4)
  Margery (Vaults:3)
  Saint Roka (Orc:4)
  Vashnia (Snake:2)
  A caustic shrike (Depths:3)
  A curse toe (Crypt:3)
  Geryon (Hell)
  A golden dragon (Depths:4)
  Nikola (Shoals:1)
  A bone dragon (Depths:5)
  Jorgrun (Shoals:4)
  Rupert (D:13)
  5 liches
  4 tentacled monstrosities
  3 deep elf blademasters
  Asterion (Snake:2)
  13 titans
  A quicksilver dragon (Depths:4)
  11 deep elf master archers
  A Shadow Fiend (Tar:1)
  A kraken (Shoals:4)
  3 octopode crushers
  3 sphinxes
  3 ancient champions (Crypt:3)
  2 tentacled starspawn (Abyss:1)
  5 shadow dragons
  2 storm dragons
  5 tengu reavers
  A draconian monk (Depths:5)
  7 greater nagas
  4 revenants
  Ilsuiw (Shoals:4)
  5 deep elf sorcerers (Elf:3)
  13 vault wardens
  Donald (Vaults:4)
  18 frost giants
  18 fire giants
  A ghost moth (shapeshifter) (Depths:3)
  A draconian scorcher (Abyss:1)
  3 iron dragons
  Aizul (Shoals:4)
  A cacodemon (Depths:2)
  A curse skull (Crypt:3)
  9 ghouls
  An emperor scorpion (D:15)
  2 reapers (Hell)
  2 spriggan defenders (Depths:5)
  9 very ugly things
  11 ironheart preservers
  2 salamander firebrands (Hell)
  6 starcursed masses (Abyss:1)
  A green draconian (Crypt:3)
  8 deep elf demonologists
  15 stone giants
  3 black draconians
  5 vampire knights
  6 yellow draconians
  6 deep elf annihilators (Elf:3)
  4 white draconians
  A lorocyproca (Hell)
  A dire elephant (D:15)
  3 mottled draconians
  2 purple draconians (Depths:5)
  Snorg (Lair:6)
  An eidolon (Crypt:3)
  7 merfolk javelineers
  8 ettins
  2 blizzard demons (Hell)
  5 vault guards
  A minotaur (Lab)
  9 deep elf death magi
  A mummy priest (Crypt:3)
  7 merfolk impalers
  Josephine (D:10)
  8 jiangshi
  4 deep elf high priests
  A green death (Hell)
  9 yaktaur captains
  11 entropy weavers
  3 great orbs of eyes
  Fannar (Orc:2)
  14 ice dragons
  6 fire dragons
  4 spriggan air magi
  13 hydras
  13 naga warriors
  9 rakshasas
  4 merfolk avatars
  A hell beast (Hell)
  7 centaur warriors
  Erica (D:10)
  2 catoblepae
  12 dancing weapons (Elf:2)
  4 death yaks
  3 tengu warriors
  3 merfolk aquamancers
  An alligator snapping turtle (Shoals:3)
  5 deep troll earth magi
  2 death knights (Crypt:3)
  7 anacondas
  5 deep troll shamans
  6 orc high priests
  A satyr (Shoals:4)
  3 thrashing horrors (Abyss:1)
  2 large abominations (Elf:1)
  A queen ant (shapeshifter) (Elf:2)
  20 naga sharpshooters
  A titan zombie (Hell)
  16 ogre magi
  11 hell knights
  10 shock serpents
  Urug (D:13)
  5 vampire magi
  2 iron golems (Hell)
  Sonja (Lair:4)
  3 sun demons
  2 spriggan berserkers (Depths:3)
  25 deep elf knights
  5 small abominations
  A storm dragon zombie (Depths:2)
  6 iron trolls
  3 shadow wraiths
  A fire crab (Vaults:2)
  6 soul eaters
  2 salamander mystics
  An anaconda zombie (Abyss:1)
  10 sea snakes
  5 flayed ghosts
  29 skeletal warriors
  2 giant orange brains
  6 deep elf summoners
  4 ice devils (Hell)
  A kraken simulacrum (Hell)
  A gelid demonspawn (Depths:2)
  2 unseen horrors (Vaults:1)
  12 phantasmal warriors
  A putrid demonspawn (Depths:2)
  7 hill giants
  2 ice statues (IceCv)
  19 harpies
  A shadow dragon zombie (Hell)
  19 deep trolls
  A wolf spider zombie (Hell)
  9 deep elf conjurers
  A wolf spider (shapeshifter) (Vaults:3)
  An anaconda skeleton (Hell)
  3 hornets
  9 oklob plants
  5 naga ritualists
  3 wizards
  3 wolf spiders
  9 ironbrand convokers
  10 necromancers
  A stone giant zombie (Vaults:3)
  5 fauns
  11 griffons
  3 orc sorcerers
  16 cyclopes
  40 ugly things
  A frost giant zombie (Hell)
  8 water nymphs
  A mana viper (shapeshifter) (Depths:4)
  20 elephants
  4 mana vipers
  11 manticores
  16 orc knights
  28 black mambas
  2 octopodes (shapeshifter)
  8 smoke demons
  7 sirens
  19 salamanders
  Maurice (D:9)
  An elephant (shapeshifter) (Vaults:3)
  A stone giant skeleton (Tar:1)
  A dire elephant zombie (Hell)
  24 naga magi
  12 spiny frogs
  A molten gargoyle (Lair:8)
  7 guardian serpents
  4 rust devils
  10 vault sentinels
  An elephant slug zombie (Crypt:3)
  2 orange demons
  3 sixfirhies
  43 yaktaurs
  2 fire drakes
  An emperor scorpion zombie (Hell)
  2 jumping spiders (shapeshifter)
  7 guardian mummies (Crypt:3)
  A grey draconian zombie (Crypt:2)
  A red draconian skeleton (Crypt:1)
  2 yaktaurs (shapeshifter)
  3 hellions
  3 red devils
  10 komodo dragons
  8 deep elf priests
  5 kobold demonologists
  A jumping spider (Depths:2)
  A death yak skeleton (Crypt:3)
  12 trolls
  An entropy weaver zombie (Crypt:3)
  34 merfolk
  2 tengu conjurers (Depths:2)
  A hydra zombie (Hell)
  A giant leech (shapeshifter) (Vaults:1)
  7 polar bears
  A sphinx simulacrum (Depths:2)
  A tengu simulacrum (Depths:2)
  8 bog bodies
  2 blue devils
  12 blink frogs
  A hydra skeleton (Hell)
  A moth of wrath zombie (Crypt:3)
  27 slime creatures
  An alligator zombie (Hell)
  6 freezing wraiths
  2 wind drakes
  2 raiju (Abyss:1)
  3 boulder beetles
  A shadow dragon simulacrum (Hell)
  A minotaur skeleton (Crypt:1)
  26 two-headed ogres
  A guardian serpent zombie (Crypt:3)
  2 satyr zombies
  16 redbacks
  A spriggan (Lair:7)
  7 wraiths
  An alligator skeleton (Hell)
  19 snapping turtles
  A wyvern (shapeshifter) (Depths:3)
  2 spriggan skeletons (Depths:2)
  The ghost of Promi the Magician, an average DEWz (D:4)
  8 air elementals
  5 wyverns
  3 flying skulls
  An ettin skeleton (Vaults:1)
  A hog (shapeshifter) (Depths:2)
  17 water elementals
  A hog (D:13)
  4 shadows
  25 deep elf fighters
  19 deep elf magi
  6 fire elementals (Hell)
  38 yaks
  A golden eye (shapeshifter) (Depths:2)
  A ynoxinul (Abyss:1)
  2 fire bats (Lair:8)
  A basilisk (shapeshifter) (Vaults:4)
  13 basilisks
  8 wargs
  A yak (shapeshifter) (Vaults:1)
  3 human simulacra
  Menkaure (D:4)
  3 hungry ghosts
  11 hippogriffs
  10 vampire mosquitoes
  51 nagas
  3 wolves
  2 soldier ants
  2 mottled dragons
  13 water moccasins
  4 hell hounds (Hell)
  A faun skeleton (Crypt:2)
  11 ice beasts
  13 black bears
  26 centaurs
  An infernal demonspawn skeleton (Crypt:1)
  8 porcupines
  48 orc warriors
  2 eyes of draining
  2 wasps (D:8)
  A black bear (shapeshifter) (Depths:2)
  An alligator simulacrum (Hell)
  11 boggarts
  51 ogres
  3 phantoms
  4 necrophages
  An elf simulacrum (Vaults:1)
  3 human zombies
  A human skeleton (Vaults:1)
  A manticore skeleton (Crypt:1)
  3 sky beasts
  10 big kobolds
  2 brain worms
  14 crocodiles
  4 elf zombies (Elf:1)
  Blork the orc (D:5)
  A dryad zombie (Crypt:3)
  A komodo dragon zombie (Crypt:2)
  A komodo dragon skeleton (Crypt:3)
  A wyvern zombie (Crypt:1)
  19 giant frogs
  A scorpion (D:13)
  A warg zombie (Crypt:3)
  2 electric eels (D:12)
  19 killer bees
  A raiju skeleton (Crypt:2)
  9 wights
  A quasit (D:7)
  2 yaktaur simulacra
  30 orc priests
  A wasp zombie (Crypt:3)
  2 giant frog zombies
  A demonspawn zombie (Crypt:2)
  5 jellies
  3 centaur skeletons
  9 crimson imps
  33 orc wizards
  5 giant frog skeletons
  3 hounds
  3 iron imps
  10 iguanas
  13 worker ants
  Natasha (thrice) (D:2)
  A killer bee zombie (D:4)
  31 sheep
  2 hound skeletons (D:5)
  2 mummies (Crypt:3)
  3 gnolls (D:5)
  12 adders
  59 river rats
  A swamp drake skeleton (Crypt:1)
  A white imp (Hell)
  5 shadow imps
  An ufetubus (Abyss:1)
  4 oozes
  An adder zombie (D:9)
  An iguana zombie (Crypt:2)
  A worm (D:4)
  7 giant geckos
  199 orcs
  3 ball pythons
  15 bats
  A bat skeleton (D:4)
  8 giant cockroaches
  22 goblins
  21 hobgoblins
  23 jackals
  33 kobolds
  10 giant newts
  A hobgoblin zombie (Crypt:1)
  2 orc skeletons
  17 rats
  A crawling corpse (Elf:2)
  A lost soul (Crypt:2)
  4 plants
  3 spectral weapons
  A starspawn tentacle (Abyss:1)
  5 tentacles
2486 creatures vanquished.

Vanquished Creatures (collateral kills)
  A deep elf blademaster (Elf:3)
  A deep elf master archer (Hell)
  A kraken (Shoals:2)
  Polyphemus (Shoals:4)
  Kirke (D:13)
  Roxanne (Shoals:1)
  2 fire giants (Crypt:2)
  A deep elf sorcerer (Elf:3)
  A ghoul (Crypt:3)
  A stone giant (Hell)
  A vault guard (Vaults:3)
  2 ettins
  A yaktaur captain (Vaults:1)
  A great orb of eyes (Depths:2)
  A jiangshi (Crypt:3)
  A hydra (Lair:6)
  2 naga warriors
  2 ogre magi (Depths:2)
  2 merfolk avatars (Shoals:4)
  2 death yaks (Lair:8)
  A soul eater (Hell)
  2 naga sharpshooters (Snake:4)
  2 deep elf knights
  A fire crab (Vaults:2)
  A wizard (Depths:1)
  A storm dragon skeleton (Hell)
  4 skeletal warriors
  5 deep trolls
  An ice devil (Hell)
  A flayed ghost (Crypt:3)
  2 naga ritualists (Snake:4)
  A harpy (Shoals:1)
  2 ironbrand convokers
  3 giant orange brains
  2 orc knights
  An orc sorcerer (Orc:4)
  A salamander (Snake:4)
  4 necromancers
  2 ugly things (Vaults:4)
  2 fauns (Shoals:2)
  3 griffons
  5 water nymphs
  3 cyclopes
  A rust devil (Hell)
  4 black mambas
  3 sirens (Shoals:4)
  2 elephants (Lair:7)
  A spiny frog (Lair:6)
  2 orange demons (Lair:8)
  9 naga magi
  A vault sentinel (Vaults:3)
  A kobold demonologist (D:14)
  5 deep elf priests
  2 yaktaurs
  2 blue devils (Lair:8)
  3 red devils
  A freezing wraith (Vaults:2)
  2 blink frogs (Lair:8)
  A boulder beetle (Vaults:1)
  A jumping spider (Depths:4)
  6 merfolk
  4 two-headed ogres
  A slime creature (Vaults:2)
  An ice dragon zombie (Hell)
  A flying skull (Tar:1)
  A fire dragon skeleton (Hell)
  A wraith (Crypt:2)
  2 redbacks
  A water elemental (Shoals:1)
  7 deep elf magi
  A yak (shapeshifter) (Vaults:1)
  A neqoxec (Abyss:1)
  A vampire mosquito (D:11)
  8 deep elf fighters
  A hippogriff (Shoals:2)
  11 nagas
  10 orc warriors
  3 hell hounds
  A wolf (Lair:7)
  5 ogres
  A phantom (D:11)
  A boggart (Depths:1)
  3 centaurs
  A crocodile (Lair:7)
  5 big kobolds
  An ogre simulacrum (Vaults:1)
  A killer bee (D:12)
  A crimson imp (Depths:1)
  A lava snake (D:10)
  13 orc priests
  An orc wizard (Vaults:3)
  A worker ant (D:11)
  11 sheep
  5 river rats (Lair:5)
  29 orcs
  8 kobolds
  A crawling corpse (Elf:2)
  A fungus (Lair:8)
  7 plants
276 creatures vanquished.

Vanquished Creatures (others)
  A deep elf master archer (Tar:1)
  2 eldritch tentacles
  A tengu reaver (Vaults:4)
  A fire giant (Depths:3)
  2 deep elf knights
  A ball lightning (Hell)
  A spiny frog (Lair:7)
  A deep elf mage (Elf:1)
  2 nagas
  A spiny frog zombie (Hell)
  An orc (Orc:4)
  211 eldritch tentacle segments
  25 fungi
  3 lost souls
  36 plants
  93 spectral weapons
  3 starspawn tentacles (Abyss:1)
  77 starspawn tentacle segments (Abyss:1)
  35 tentacles
  2147 tentacle segments
2644 creatures vanquished.

Grand Total: 5406 creatures vanquished

Notes
Turn   | Place    | Note
--------------------------------------------------------------
     0 | D:1      | Illaniel the High Elf Skald began the quest for the Orb.
     0 | D:1      | Reached XP level 1. HP: 14/14 MP: 4/4
    67 | D:1      | Reached skill level 1 in Armour
   198 | D:1      | Reached XP level 2. HP: 13/19 MP: 2/6
   211 | D:1      | Learned a level 2 spell: Shroud of Golubria
   413 | D:1      | Reached skill level 4 in Charms
   530 | D:2      | Noticed Natasha
   622 | D:1      | Reached XP level 3. HP: 24/24 MP: 8/8
   654 | D:1      | Learned a level 3 spell: Spectral Weapon
  1003 | D:2      | Killed Natasha
  1003 | D:2      | Reached XP level 4. HP: 24/29 MP: 9/9
  1144 | D:2      | Found a bloodstained altar of Trog.
  1534 | D:2      | Found a sacrificial altar of Ru.
  1639 | D:2      | Noticed Natasha
  1672 | D:2      | Killed Natasha
  1844 | D:2      | Noticed Natasha
  1849 | D:2      | Killed Natasha
  2034 | D:3      | Reached XP level 5. HP: 34/34 MP: 10/10
  2039 | D:3      | Learned a level 3 spell: Regeneration
  2783 | D:3      | Reached skill level 1 in Hexes
  2964 | D:4      | Noticed a phantom
  3018 | D:4      | Noticed Menkaure
  3027 | D:4      | Killed Menkaure
  3027 | D:4      | Reached skill level 5 in Charms
  3027 | D:4      | Reached XP level 6. HP: 5/41 MP: 12/12
  3029 | D:4      | Noticed Promi's ghost (average DEWz)
  3132 | D:3      | Learned a level 2 spell: Song of Slaying
  3335 | D:4      | Killed a phantom
  3374 | D:4      | Learned a level 1 spell: Infusion
  3975 | D:4      | Reached XP level 7. HP: 41/45 MP: 14/14
  4003 | D:4      | Learned a level 3 spell: Ozocubu's Armour
  4240 | D:4      | Killed Promi's ghost
  4356 | D:4      | Reached skill level 1 in Evocations
  4479 | D:4      | Reached skill level 1 in Stealth
  4710 | D:5      | Entered Level 5 of the Dungeon
  4788 | D:5      | Reached skill level 5 in Long Blades
  4965 | D:4      | Reached skill level 1 in Ice Magic
  5118 | D:5      | Reached XP level 8. HP: 52/52 MP: 15/15
  5152 | D:5      | Reached skill level 6 in Charms
  5179 | D:5      | Noticed Blork the orc
  5204 | D:5      | Killed Blork the orc
  5206 | D:5      | Found a radiant altar of Vehumet.
  5222 | D:5      | Reached skill level 5 in Dodging
  5271 | D:5      | Found a glowing drain.
  5291 | Sewer    | Entered a sewer
  5579 | Sewer    | Reached skill level 5 in Spellcasting
  6057 | D:6      | Found a staircase to the Ecumenical Temple.
  6069 | Temple   | Entered the Ecumenical Temple
  6116 | Temple   | Became a worshipper of Warmaster Okawaru
  6299 | D:6      | Reached XP level 9. HP: 51/57 MP: 2/17
  6841 | D:6      | Found a stormy altar of Qazlal.
  7012 | D:7      | Acquired Okawaru's first power
  7012 | D:7      | Reached skill level 1 in Invocations
  7096 | D:7      | Found a shadowy altar of Dithmenos.
  7408 | D:7      | Found a sparkling altar of Nemelex Xobeh.
  7418 | D:7      | Reached skill level 7 in Charms
  7572 | D:7      | Found a white marble altar of Elyvilon.
  7573 | D:7      | Found an opulent altar of Gozag.
  7973 | D:8      | Got an emerald-encrusted leather armour
  8015 | D:8      | Found a deep blue altar of Sif Muna.
  8027 | D:8      | Identified the cursed +1 leather armour "Hulun" {+Blink rC+ rCorr Str+5} (You found it on level 8 of the Dungeon)
  8073 | D:8      | Noticed a hill giant
  8086 | D:8      | Killed a hill giant
  8213 | D:8      | Reached XP level 10. HP: 57/63 MP: 10/20
  8723 | D:9      | Found a staircase to the Orcish Mines.
  8782 | D:9      | Noticed Maurice
  8788 | D:9      | Killed Maurice
  8849 | D:9      | Found a glowing golden altar of the Shining One.
  9079 | D:9      | Reached skill level 8 in Charms
  9242 | D:9      | Found a stormy altar of Qazlal.
  9313 | D:9      | Acquired Okawaru's second power
  9403 | D:9      | Found a burning altar of Makhleb.
  9723 | D:10     | Entered Level 10 of the Dungeon
  9723 | D:10     | Noticed Erica
  9729 | D:10     | Found a staircase to the Lair.
  9751 | D:10     | Noticed a hill giant
  9751 | D:10     | Killed Erica
  9755 | D:10     | Killed a hill giant
  9755 | D:10     | Reached XP level 11. HP: 58/70 MP: 15/23
  9819 | D:10     | Noticed Josephine
  9914 | D:10     | Got an ichor-stained quarterstaff
  9933 | D:10     | Killed Josephine
  9933 | D:10     | Received a gift from Okawaru
  9933 | D:10     | Reached skill level 5 in Fighting
  9967 | D:10     | Learned a level 6 spell: Deflect Missiles
 10403 | Lair:1   | Entered Level 1 of the Lair of Beasts
 10451 | Lair:1   | Reached skill level 5 in Stealth
 10486 | Lair:1   | Reached skill level 1 in Air Magic
 10651 | Lair:1   | Got a twitching silver ring
 10653 | Lair:1   | Identified the ring of Scepticism {rElec MP+9 Str+3 Int+4} (You found it on level 1 of the Lair of Beasts)
 10682 | Lair:1   | Reached skill level 9 in Charms
 10722 | Lair:1   | Found a frozen archway.
 10734 | IceCv    | Entered an ice cave
 10783 | IceCv    | Noticed an ice statue
 10783 | IceCv    | Noticed an ice statue
 10795 | IceCv    | Killed an ice statue
 10928 | IceCv    | Killed an ice statue
 11329 | Lair:1   | Reached XP level 12. HP: 67/77 MP: 25/25
 11367 | Lair:1   | Learned a level 6 spell: Haste
 11520 | Lair:1   | Received a gift from Okawaru
 12194 | Lair:2   | Reached skill level 5 in Hexes
 12298 | Lair:2   | Noticed a five-headed hydra
 12305 | Lair:2   | Killed a one-headed hydra
 13152 | Lair:3   | Found a bloodstained altar of Trog.
 13215 | Lair:3   | Noticed a seven-headed hydra
 13223 | Lair:3   | Killed a two-headed hydra
 13223 | Lair:3   | Received a gift from Okawaru
 13223 | Lair:3   | Reached skill level 5 in Evocations
 13367 | Lair:3   | Noticed a seven-headed hydra
 13382 | Lair:3   | Killed a two-headed hydra
 13382 | Lair:3   | Reached skill level 5 in Armour
 13523 | Lair:3   | Reached skill level 5 in Air Magic
 13533 | Lair:3   | Reached skill level 5 in Ice Magic
 13641 | Lair:3   | Reached skill level 10 in Long Blades
 13731 | Lair:3   | Received a gift from Okawaru
 14056 | Orc:1    | Entered Level 1 of the Orcish Mines
 14149 | Orc:1    | Found a roughly hewn altar of Beogh.
 14413 | Orc:1    | Found Onitulaw's Weapon Emporium.
 14597 | Orc:2    | Noticed Fannar
 14625 | Orc:2    | Killed Fannar
 14884 | Orc:4    | Entered Level 4 of the Orcish Mines
 14964 | Orc:4    | Found a staircase to the Elven Halls.
 15140 | Orc:3    | Reached skill level 5 in Invocations
 15751 | Orc:3    | Reached XP level 13. HP: 53/83 MP: 26/27
 15915 | Orc:2    | Received a gift from Okawaru
 16035 | Orc:4    | Noticed Saint Roka
 16304 | Lair:4   | Found a staircase to the Snake Pit.
 16324 | Lair:4   | Found a labyrinth entrance.
 16333 | Lab      | Entered a labyrinth
 16585 | Lab      | Identified a +3 rod of clouds (11/11) (You found it in a labyrinth)
 16624 | Lair:4   | Learned a level 4 spell: Summon Lightning Spire
 16632 | Lair:4   | Found a staircase to the Shoals.
 16911 | Lair:4   | Noticed Sonja
 16958 | Lair:4   | Killed Sonja
 17829 | D:11     | Reached skill level 1 in Summonings
 17843 | D:11     | Got a dazzling leather armour
 17854 | D:11     | Identified the +0 leather armour of Distant Shores {rF+ Int+5} (You found it on level 11 of the Dungeon)
 17967 | D:11     | Reached skill level 10 in Spellcasting
 18825 | D:12     | Received a gift from Okawaru
 18827 | D:12     | Reached skill level 10 in Charms
 18952 | D:12     | Reached skill level 10 in Dodging
 19716 | D:12     | Reached skill level 1 in Necromancy
 20200 | Lair:5   | Received a gift from Okawaru
 20201 | Lair:5   | Got a warped cloak {god gift}
 20212 | Lair:5   | Identified the +1 cloak of Midwinter {rPois} (Okawaru gifted it to you on level 5 of the Lair of Beasts)
 20357 | Lair:5   | Reached skill level 11 in Long Blades
 20535 | Lair:6   | Noticed Snorg
 20546 | Lair:6   | Killed Snorg
 21469 | Lair:7   | Reached XP level 14. HP: 75/90 MP: 29/29
 21719 | Lair:7   | Received a gift from Okawaru
 21721 | Lair:7   | Got a faintly glowing robe {god gift}
 21877 | Lair:7   | Identified the +2 robe of Ennui {MR+} (Okawaru gifted it to you on level 7 of the Lair of Beasts)
 21982 | Lair:7   | Found a staircase to the Slime Pits.
 22458 | Lair:8   | Entered Level 8 of the Lair of Beasts
 23263 | Lair:8   | Received a gift from Okawaru
 23264 | Lair:8   | Got a slimy great sword {god gift}
 23265 | Lair:8   | Identified the +10 great sword of Greatest Utility {flame, rElec rC++} (Okawaru gifted it to you on level 8 of the Lair of Beasts)
 23415 | Lair:8   | Received a gift from Okawaru
 24128 | Lair:8   | Found a burning altar of Makhleb.
 24282 | Lair:8   | Received a gift from Okawaru
 24378 | Lair:8   | Found a gateway to Hell.
 24449 | Lair:8   | Reached skill level 12 in Long Blades
 24726 | Snake:1  | Entered Level 1 of the Snake Pit
 24726 | Snake:1  | Noticed a greater naga
 24737 | Snake:1  | Killed a greater naga
 24737 | Snake:1  | Reached XP level 15. HP: 82/97 MP: 31/31
 24784 | Snake:1  | Received a gift from Okawaru
 24909 | Lair:1   | Learned a level 4 spell: Condensation Shield
 24915 | Lair:1   | Learned a level 5 spell: Silence
 26191 | Snake:2  | Noticed Asterion
 26207 | Snake:2  | Killed Asterion
 26275 | Snake:2  | Received a gift from Okawaru
 26548 | Snake:2  | Noticed Vashnia
 26558 | Snake:2  | Killed Vashnia
 26568 | Snake:2  | Received a gift from Okawaru
 26753 | Snake:2  | Got a twisted scale mail {god gift}
 26814 | Snake:2  | Learned a level 1 spell: Apportation
 27159 | Snake:2  | Identified the +6 scale mail of the Storm King {rElec rN+ Regen+} (Okawaru gifted it to you on level 2 of the Snake Pit)
 27388 | Snake:3  | Reached skill level 10 in Air Magic
 27428 | Snake:3  | Reached skill level 1 in Translocations
 27516 | Snake:3  | Received a gift from Okawaru
 27518 | Snake:3  | Reached XP level 16. HP: 81/103 MP: 13/32
 28194 | Orc:4    | Killed Saint Roka
 28194 | Orc:4    | Reached skill level 13 in Long Blades
 28231 | Orc:4    | Found Leythuan's Distillery.
 29489 | Orc:4    | Found Kaned's Armour Shoppe.
 29489 | Orc:4    | Found Heucsaobb's Book Shoppe.
 29490 | Orc:4    | Found Aduciaca's Magic Scroll Shoppe.
 29490 | Orc:4    | Found Fyesiasi's Antique Weapon Emporium.
 29500 | Orc:4    | Bought a scroll of recharging for 104 gold pieces
 29500 | Orc:4    | Bought a scroll of recharging for 104 gold pieces
 29500 | Orc:4    | Bought a scroll of identify for 22 gold pieces
 29500 | Orc:4    | Bought a scroll of identify for 22 gold pieces
 29758 | Orc:4    | Bought a potion of might for 48 gold pieces
 29758 | Orc:4    | Bought a potion of brilliance for 48 gold pieces
 29758 | Orc:4    | Bought a potion of haste for 120 gold pieces
 29758 | Orc:4    | Bought a potion of heal wounds for 60 gold pieces
 29758 | Orc:4    | Bought a potion of brilliance for 48 gold pieces
 30121 | Lair:1   | Learned a level 2 spell: Blink
 30546 | Snake:3  | Received a gift from Okawaru
 30547 | Snake:3  | Got a brightly glowing dire flail {god gift}
 30592 | Snake:4  | Entered Level 4 of the Snake Pit
 30985 | Snake:4  | Received a gift from Okawaru
 31695 | Snake:4  | Found a glowing silver altar of Zin.
 32027 | Snake:4  | Reached XP level 17. HP: 105/111 MP: 29/34
 32127 | Snake:4  | Received a gift from Okawaru
 32128 | Snake:4  | Got a pair of transparent boots {god gift}
 32148 | Snake:4  | Identified the +1 pair of boots of Geidwea {Stlth+} (Okawaru gifted it to you on level 4 of the Snake Pit)
 32383 | Snake:4  | Got a serpentine rune of Zot
 32851 | Shoals:1 | Entered Level 1 of the Shoals
 32995 | Shoals:1 | Got a crude cloak
 33010 | Shoals:1 | Identified the +0 cloak "Xoytsuem" {Str+6 Int+3 Slay+5} (You found it on level 1 of the Shoals)
 33144 | Shoals:1 | Reached skill level 5 in Translocations
 33239 | Shoals:1 | Noticed Roxanne
 33672 | Lair:1   | Learned a level 4 spell: Summon Ice Beast
 34476 | Shoals:1 | Killed Roxanne
 34575 | Shoals:1 | Noticed Nikola
 34595 | Shoals:1 | Killed Nikola
 34597 | Shoals:1 | Received a gift from Okawaru
 35122 | Shoals:2 | Reached skill level 14 in Long Blades
 35973 | Shoals:3 | Upgraded the game from 0.17-a0-1582-ge6b0260 to 0.17-a0-1591-g7a45446
 36531 | Shoals:3 | Learned a level 2 spell: Cure Poison
 36647 | Shoals:4 | Entered Level 4 of the Shoals
 36675 | Shoals:4 | Received a gift from Okawaru
 36741 | Shoals:4 | Noticed Jorgrun
 37129 | Elf:1    | Entered Level 1 of the Elven Halls
 37604 | Elf:1    | Reached XP level 18. HP: 120/120 MP: 29/36
 37932 | Elf:1    | Identified Yrue's Almanac of Evil Arts
 38298 | Elf:2    | Found a huge runed gate.
 38298 | Elf:2    | Found a huge runed gate.
 38298 | Elf:2    | Found a huge runed gate.
 38300 | Elf:2    | Found a huge runed gate.
 38301 | Elf:2    | Found a huge runed gate.
 38388 | Elf:2    | Reached skill level 10 in Stealth
 38928 | Elf:3    | Entered Level 3 of the Elven Halls
 39308 | Elf:3    | Reached skill level 10 in Fighting
 39462 | Elf:3    | Found Yddigryu's Armour Emporium.
 39583 | Elf:3    | Received a gift from Okawaru
 39588 | Elf:3    | Got a crystal great sword {god gift}
 39589 | Elf:3    | Identified the +5 great sword "Hipusic" {freeze, rF+ MR+ Int+3 Dex+4} (Okawaru gifted it to you on level 3 of the Elven Halls)
 39745 | Elf:3    | Cast into the Abyss (a deep elf demonologist)
 39793 | Abyss:1  | Gained mutation: Your body sometimes deteriorates upon taking damage. [mutagenic glow]
 40072 | Abyss:1  | Noticed a bone dragon
 40136 | Abyss:1  | Found a sparkling altar of Nemelex Xobeh.
 40225 | Abyss:1  | Gained mutation: You tend to lose your temper in combat. [a neqoxec]
 40227 | Abyss:1  | Gained mutation: Your body often deteriorates upon taking damage. [a neqoxec]
 40698 | Abyss:1  | Noticed a bone dragon
 41037 | Abyss:1  | Noticed an ancient lich
 41057 | Abyss:1  | Killed an ancient lich
 41147 | Abyss:1  | Found a corrupted altar of Lugonu.
 41245 | Abyss:1  | Found a corrupted altar of Lugonu.
 41265 | Elf:3    | Escaped the Abyss
 41422 | Lair:1   | Lost mutation: You tend to lose your temper in combat. [potion of cure mutation]
 41422 | Lair:1   | Lost mutation: Your body often deteriorates upon taking damage. [potion of cure mutation]
 41422 | Lair:1   | Lost mutation: Your body sometimes deteriorates upon taking damage. [potion of cure mutation]
 41473 | Lair:1   | Learned a level 5 spell: Phase Shift
 41539 | D:13     | Found a gate to the Vaults.
 42010 | D:13     | Noticed Kirke
 42029 | D:13     | Killed Kirke
 42120 | D:13     | Noticed Urug
 42134 | D:13     | Killed Urug
 42415 | D:13     | Noticed Rupert
 42422 | D:13     | Killed Rupert
 42640 | D:13     | Found a portal to a secret trove of treasure.
 43013 | D:14     | Received a gift from Okawaru
 43014 | D:14     | Got a smoking glaive {god gift}
 43823 | D:15     | Entered Level 15 of the Dungeon
 44171 | D:15     | Reached XP level 19. HP: 117/127 MP: 28/37
 44659 | D:15     | Found a staircase to the Depths.
 45033 | Shoals:4 | Noticed Ilsuiw
 45135 | Shoals:4 | Received a gift from Okawaru
 45136 | Shoals:4 | Killed Jorgrun
 45159 | Shoals:4 | Reached skill level 10 in Armour
 45173 | Shoals:4 | Reached skill level 1 in Poison Magic
 45401 | Shoals:4 | Got a barnacled rune of Zot
 45446 | Shoals:4 | Received a gift from Okawaru
 45774 | Shoals:4 | Killed Ilsuiw
 45935 | Shoals:4 | Got a brightly glowing triple sword {god gift}
 45936 | Shoals:4 | Identified the +1 triple sword "Hiullauk" {slice, +Rage Str+2} (Okawaru gifted it to you on level 4 of the Shoals)
 46040 | Shoals:4 | Noticed Aizul
 46046 | Shoals:4 | Noticed Polyphemus
 46200 | Shoals:4 | Killed Aizul
 46872 | Shoals:4 | Killed Polyphemus
 47260 | Vaults:1 | Entered Level 1 of the Vaults
 47483 | Vaults:1 | Received a gift from Okawaru
 47484 | Vaults:1 | Got a shimmering buckler {god gift}
 47624 | Vaults:1 | Found a shimmering altar of Xom.
 48669 | Vaults:2 | Reached XP level 20. HP: 128/135 MP: 27/39
 48778 | Vaults:2 | Received a gift from Okawaru
 48964 | Vaults:2 | Found a staircase to the Crypt.
 48990 | Vaults:2 | Reached skill level 15 in Long Blades
 49100 | Vaults:2 | Found Saottaxo's Assorted Antiques.
 49110 | Vaults:2 | Bought a scroll labeled OJOTOCSUDY for 35 gold pieces
 49110 | Vaults:2 | Bought a pair of glowing gloves for 157 gold pieces
 49110 | Vaults:2 | Bought a potion of heal wounds for 175 gold pieces
 49896 | Vaults:3 | Received a gift from Okawaru
 50406 | Vaults:3 | Paralysed by a hornet for 4 turns
 50470 | Vaults:3 | Reached skill level 10 in Invocations
 50603 | Vaults:3 | Learned a level 2 spell: Swiftness
 50755 | Vaults:3 | Received a gift from Okawaru
 50984 | Vaults:3 | Noticed Margery
 51032 | Vaults:3 | Reached skill level 15 in Dodging
 51038 | Vaults:3 | Killed Margery
 51297 | Vaults:3 | Found Roqi's Magic Scroll Emporium.
 51763 | Vaults:4 | Identified a scroll of acquirement
 51955 | Vaults:4 | Noticed Donald
 51970 | Vaults:4 | Noticed Sojobo
 52004 | Vaults:4 | Killed Donald
 52012 | Vaults:4 | Killed Sojobo
 52012 | Vaults:4 | Received a gift from Okawaru
 52342 | Vaults:4 | Reached XP level 21. HP: 140/143 MP: 38/40
 52505 | Vaults:4 | Received a gift from Okawaru
 53532 | Elf:3    | Received a gift from Okawaru
 53893 | Elf:3    | Got a heavily runed wooden ring
 53894 | Elf:3    | Got an encrusted leather armour
 54072 | Elf:3    | Identified the Almanac of Bewitchment and Attacks
 54077 | Elf:3    | Identified Ipinuu's Handbook of Unholy Malediction
 54088 | Elf:3    | Identified the cursed +1 leather armour of Voowov {rC+} (You took it off a deep elf demonologist on level 3 of the Elven Halls)
 54109 | Elf:3    | Got a pair of distressingly furry boots
 54120 | Elf:3    | Identified the cursed +0 pair of boots of Wasted Space {Str+2 Dex+4} (You found it on level 3 of the Elven Halls)
 54121 | Elf:3    | Got a translucent gossamer ring
 54125 | Elf:3    | Identified the ring of Mofehatt {+/*Tele rElec} (You found it on level 3 of the Elven Halls)
 54127 | Elf:3    | Identified the ring "Gafoethra" {MR+ Slay+3} (You took it off a deep elf demonologist on level 3 of the Elven Halls)
 54131 | Elf:3    | Got a flickering bronze ring
 54131 | Elf:3    | Identified Sif Muna's Tome of Mana (You found it on level 3 of the Elven Halls)
 54133 | Elf:3    | Identified the ring of Tinaurchy {rF- rN+ MR+ Int+4 Dex+3} (You took it off a deep elf sorcerer on level 3 of the Elven Halls)
 54159 | Elf:3    | Identified the Reference Book on Supportive Execration (You found it on level 3 of the Elven Halls)
 54183 | Elf:3    | Identified the Collected Works on the Glacier and the Traveller
 54192 | Elf:3    | Got a brightly glowing scale mail
 54204 | Elf:3    | Identified the Collected Works on the Harmful Birds
 54215 | Elf:3    | Learned a level 1 spell: Summon Butterflies
 54286 | Elf:3    | Identified the cursed +1 scale mail "Suaruj" {+Blink Dex+5} (You found it on level 3 of the Elven Halls)
 54347 | Elf:3    | Received a gift from Okawaru
 54677 | Depths:1 | Entered Level 1 of the Depths
 55126 | Depths:1 | Reached skill level 15 in Spellcasting
 55144 | Depths:1 | Received a gift from Okawaru
 55334 | Depths:1 | Reached skill level 15 in Air Magic
 55890 | Depths:2 | Received a gift from Okawaru
 55946 | Depths:2 | Found a one-way gate leading to the halls of Pandemonium.
 56293 | Depths:2 | Reached skill level 10 in Evocations
 56510 | Depths:2 | Reached XP level 22. HP: 152/152 MP: 35/42
 56514 | Depths:2 | Reached skill level 10 in Translocations
 56546 | Depths:2 | Received a gift from Okawaru
 56547 | Depths:2 | Reached skill level 15 in Charms
 56633 | Depths:2 | Reached skill level 16 in Long Blades
 56899 | Depths:2 | Received a gift from Okawaru
 56900 | Depths:2 | Got a pair of fine boots {god gift}
 56917 | Depths:2 | Identified the +1 pair of boots "Trusted Companion" {rC- Int+9 Slay-5} (Okawaru gifted it to you on level 2 of the Depths)
 57302 | Lair:1   | Identified the Volume of Harmful Feathers (You acquired it on level 1 of the Lair of Beasts)
 57661 | Depths:3 | Gained mutation: You are dopey. (Int -2) [a cacodemon]
 57977 | Depths:3 | Found a bloodstained altar of Trog.
 58489 | Depths:3 | Received a gift from Okawaru
 59342 | Depths:4 | Reached skill level 17 in Air Magic
 59345 | Depths:4 | Received a gift from Okawaru
 59771 | Depths:4 | Found a one-way gate to the infinite horrors of the Abyss.
 59868 | Depths:4 | Reached XP level 23. HP: 157/157 MP: 36/43
 59882 | Depths:4 | Received a gift from Okawaru
 60382 | Depths:4 | Noticed an ancient lich
 60402 | Depths:4 | Killed an ancient lich
 60421 | Depths:4 | Identified the Catalogue of the Frostbite
 60423 | Depths:4 | Got a crude robe
 60425 | Depths:4 | Identified the cursed +0 robe of Kleptomania {*Contam Dex+8} (You found it on level 4 of the Depths)
 61921 | Depths:5 | Entered Level 5 of the Depths
 62022 | Depths:5 | Reached skill level 18 in Dodging
 62436 | Depths:5 | Received a gift from Okawaru
 62437 | Depths:5 | Got an ancient triple sword {god gift}
 62461 | Depths:5 | Identified the +9 triple sword "Veamai" {flame, Dex+4} (Okawaru gifted it to you on level 5 of the Depths)
 62668 | Depths:5 | Found a gateway to a ziggurat.
 62744 | Depths:5 | Found a gate to the Realm of Zot.
 62755 | Depths:5 | Received a gift from Okawaru
 62756 | Depths:5 | Got a crystal triple sword {god gift}
 62779 | Depths:5 | Identified the +9 triple sword of Tartarus {flame, MR+ Str+3 Int+3 Dex+3} (Okawaru gifted it to you on level 5 of the Depths)
 63382 | D:9      | Fell from the grace of Okawaru
 63382 | D:9      | Became a worshipper of the Shining One
 63637 | Crypt:1  | Entered Level 1 of the Crypt
 63732 | Crypt:1  | Acquired the Shining One's first power
 63862 | Crypt:1  | Acquired the Shining One's second power
 64537 | Crypt:2  | Noticed Mara
 64550 | Crypt:2  | Noticed Illaniel's illusion
 64833 | Lair:1   | Learned a level 7 spell: Controlled Blink
 65136 | Crypt:2  | Reached skill level 19 in Dodging
 65206 | Crypt:2  | Killed Mara
 65477 | Crypt:3  | Entered Level 3 of the Crypt
 65628 | Crypt:3  | Acquired the Shining One's third power
 65714 | Crypt:3  | Found a staircase to the Tomb.
 65961 | Crypt:3  | Reached XP level 24. HP: 164/164 MP: 44/44
 66127 | Crypt:3  | Noticed an ancient lich
 66130 | Crypt:3  | Noticed an ancient lich
 66130 | Crypt:3  | Acquired the Shining One's fourth power
 66130 | Crypt:3  | Noticed an ancient lich
 66527 | Crypt:3  | Killed an ancient lich
 67202 | Crypt:3  | Killed an ancient lich
 67954 | Crypt:3  | Killed an ancient lich
 67954 | Crypt:3  | Reached skill level 20 in Dodging
 67963 | Crypt:3  | Identified the Papyrus of the Eagle
 67966 | Crypt:3  | Identified the Volume of Spatial Arcane Weapons
 67974 | Crypt:3  | Learned a level 3 spell: Tukima's Dance
 69046 | D:9      | Identified a +7 triple sword of holy wrath (a +5 triple sword of holy wrath blessed by the Shining One)
 69328 | Hell     | Entered the Vestibule of Hell
 69328 | Hell     | Noticed Geryon
 69343 | Hell     | Killed Geryon
 69381 | Hell     | Was placed under penance by the Shining One
 69395 | Hell     | Was forgiven by the Shining One
 69510 | Hell     | Found a gateway to the decaying netherworld of Tartarus.
 69628 | Hell     | Found a gateway to the ashen valley of Gehenna.
 69767 | Lair:8   | Upgraded the game from 0.17-a0-1591-g7a45446 to 0.17-a0-1596-g1e86911
 70208 | Hell     | Found a gateway to the Iron City of Dis.
 70493 | Tar:1    | Entered Level 1 of Tartarus
 70618 | Tar:1    | Was forgiven by Okawaru
 70631 | Tar:1    | Shot with an arrow of frost by a deep elf master archer

Vault maps used:
D:1:      nicolae_arrival_somewhat_less_tricky_arrival, minmay_ruptured
D:2:      lemuel_round_altar, minmay_misc_feat_enclosed,
          nicolae_ru_the_path_less_chosen, uniq_natasha
D:3:      first_bread
D:4:      uniq_menkaure
D:5:      kennysheep_mini_moat, portal_sewer_entry_f, uniq_blork_the_orc
D:6:      minmay_temple_entry_glassed_door, dk_noncrumbling_3,
          grunt_qazlal_clouds
D:7:      nemelex_deck, kennysheep_little_box, gammafunk_temple_overflow_statue
D:8:      lemuel_blue_sif_altar, hangedman_pestilent_swarm
D:9:      overflow_temple_1_default, lemuel_round_altar, lemuel_doored_altar,
          hiddenorc2_lemuel, uniq_maurice
D:10:     lair_0_dummy, kennysheep_small_spiral, uniq_erica, uniq_josephine
D:11:     special_room
D:12:     dragon1_lemuel
D:13:     david_vaults_2, nicolae_trove_entry_diagonal, uniq_rupert, uniq_urug,
          uniq_kirke
D:15:     hangedman_depths_entry_try_elsewhere_first
Temple:   minmay_temple_bridge_b_8
Lair:1:   beast_lair_carwin_large_4, portal_ice_cave_entry_pillars_01,
          st_stairs_13, grunt_megastairs_3
Lair:3:   basic_altar, grunt_megastairs_1, lemuel_fruit_fields
Lair:4:   elwin_shoals_entry_rocks, guppyfry_snake_entry_island,
          lab_entry_generic, st_stairs_12, uniq_sonja
Lair:6:   serial_bayou_shore_b, uniq_snorg
Lair:7:   beast_lair_carwin_large_2, minmay_slime_entry_oklob_enclosed,
          grunt_forest_stairs_clearing
Lair:8:   evil_forest, kennysheep_basilisk_garden
Shoals:1: nicolae_shoals_seven_spires, abandoned_shop, st_cyclops, uniq_roxanne,
          uniq_nikola
Shoals:2: yaktaur_hedge
Shoals:3: cheibrodos_shoals_oceanic_diplomacy
Shoals:4: shoals_end_hangedman, shoals_ilsuiw_alternative, uniq_aizul,
          uniq_jorgrun, uniq_polyphemus
Snake:2:  uniq_asterion, uniq_vashnia
Snake:4:  snake_pit, basic_altar, serial_bayou_shore_a
Orc:1:    serial_shops, shop_fountains, basic_altar
Orc:2:    uniq_fannar
Orc:3:    nicolae_orc_accident_1, nicolae_orc_pool_cavern
Orc:4:    st_orc_pillars, serial_shops, shop, uniq_saint_roka
Elf:1:    eino_elf_arrival_customs, minmay_elf_necromancy
Elf:2:    roderic_lattice_octagonal_star
Elf:3:    elf_hall, serial_shops, shop
Vaults:1: vaults_mumra_minichess_inversion, serial_ice_g, grunt_vaults_focal,
          vaults_mumra_lcd, vaults_mumra_hex, nicolae_vaults_asterisk,
          vaults_room_hallway, vaults_mumra_bighexcomb, basic_altar
Vaults:2: hangedman_vaults_stretched_pinwheel, hangedman_vaults_hat,
          hangedman_vaults_impose, ontoclasm_vaults_ring_square,
          hangedman_vaults_unwind, ontoclasm_vaults_ring_small,
          vaults_room_boxed, vaults_room_pools, dpeg_vaults_monster_box,
          v_alt_pattern_5, minmay_crypt_entry_simple_round, serial_shops, shop
Vaults:3: v_misc_10, hangedman_vaults_corner, vaults_room_grid, v_misc_26,
          hangedman_vaults_variations, v_misc_8, dpeg_vaults_monster_row,
          nicolae_vaults_twisting_passages, st_cross, v_misc_25, v_misc_8,
          v_misc_16, nicolae_vaults_little_squares_1, serial_ice_m,
          vaults_room_hallway, serial_shops, nicolae_shop_statue_plus,
          uniq_margery
Vaults:4: hangedman_vaults_nodes, nicolae_vaults_little_squares_2,
          hangedman_vaults_cutoff, nicolae_vaults_hallways_thing,
          vaults_mumra_chevron, nicolae_vaults_little_squares_6,
          hangedman_vaults_trim, vaults_room_door_hall, v_pattern_2,
          uniq_donald, uniq_sojobo
Crypt:2:  uniq_mara
Crypt:3:  david_glass_crypt, tomb_entry_sphere_bobbens
Depths:1: dpeg_oklob_gauntlet, hex_medium, pf_dread_powers_of_hell,
          minmay_gold_behind_fungi, spider_trap, lightli_minifort
Depths:2: grunt_runaround, pan_entry, hell_entry, serial_shops
Depths:3: hangedman_cross_cluster, rand_demon_pan_entry_3, hell_entry,
          grunt_decor_resistance
Depths:4: kennysheep_large_spiral, kennysheep_nondescript, abyss_entry,
          hell_entry, kennysheep_random_hallway, serial_bayou_shore_b,
          minmay_staircase_statues, firewood_loft
Depths:5: grunt_twist_and_shout, enter_ziggurat_a, serial_bayou_ford_a,
          grunt_hell_entry_dis_grunt, serial_bayou_shore_b
Tar:1:    grunt_megastairs_5
Lab:      labyrinth_hidden_loot, labyrinth_fake_exit, nicolae_lab_grate_2,
          nicolae_lab_hexagon, nicolae_lab_quarters
Sewer:    kennysheep_pipe_town
IceCv:    ice_cave_statue_garden_01

Action                   |  1- 3 |  4- 6 |  7- 9 | 10-12 | 13-15 | 16-18 | 19-21 | 22-24 || total
-------------------------+-------+-------+-------+-------+-------+-------+-------+-------++-------
Melee: Falchion          |   119 |   188 |    49 |       |       |       |       |       ||   356
       Long sword        |       |       |   267 |   591 |   229 |       |       |       ||  1087
       Scimitar          |       |       |       |    71 |    35 |       |       |       ||   106
       Triple sword      |       |       |       |       |   225 |     4 |       |   595 ||   824
       Great sword       |       |       |       |       |   251 |   923 |   967 |   629 ||  2770
       Rod               |       |       |       |       |       |       |     1 |       ||     1
 Fire: Blowgun           |       |       |       |       |       |     4 |     4 |       ||     8
 Cast: Infusion          |    19 |    42 |    18 |       |       |       |       |       ||    79
       Shroud of Golubri |    13 |    39 |    43 |       |       |       |       |       ||    95
       Spectral Weapon   |     1 |    25 |    47 |    90 |   129 |   175 |   218 |   193 ||   878
       Regeneration      |       |     9 |     8 |    28 |    32 |    38 |    19 |    17 ||   151
       Song of Slaying   |       |     1 |     9 |    14 |     2 |     3 |     5 |       ||    34
       Ozocubu's Armour  |       |       |    33 |    65 |   113 |    48 |       |       ||   259
       Summon Lightning  |       |       |       |       |    74 |   149 |   130 |    65 ||   418
       Condensation Shie |       |       |       |       |    22 |    55 |       |       ||    77
       Deflect Missiles  |       |       |       |       |     6 |    15 |     9 |     8 ||    38
       Haste             |       |       |       |       |     1 |    13 |     2 |    12 ||    28
       Apportation       |       |       |       |       |     1 |     4 |       |     2 ||     7
       Blink             |       |       |       |       |       |    11 |     2 |    16 ||    29
       Summon Ice Beast  |       |       |       |       |       |    73 |    11 |       ||    84
       Phase Shift       |       |       |       |       |       |     9 |   111 |   140 ||   260
       Cure Poison       |       |       |       |       |       |       |     9 |    11 ||    20
       Swiftness         |       |       |       |       |       |       |     2 |     5 ||     7
Invok: Heroism           |       |       |       |     2 |     4 |     8 |     5 |     7 ||    26
       Finesse           |       |       |       |       |     2 |       |     3 |       ||     5
       Divine Shield     |       |       |       |       |       |       |       |    13 ||    13
       Cleansing Flame   |       |       |       |       |       |       |       |     3 ||     3
       Summon Divine War |       |       |       |       |       |       |       |     3 ||     3
 Abil: Evoke Blink       |       |       |       |     2 |       |       |       |       ||     2
       Stop Singing      |       |       |       |     1 |       |       |       |       ||     1
       Evoke Flight      |       |       |       |       |       |     1 |       |       ||     1
Evoke: Wand              |       |       |       |     1 |    11 |    10 |    14 |    10 ||    46
       Rod               |       |       |       |       |    26 |    19 |    35 |     4 ||    84
       Sack of spiders   |       |       |       |       |       |    10 |       |       ||    10
       Lamp of fire      |       |       |       |       |       |       |     3 |       ||     3
       Horn of Geryon    |       |       |       |       |       |       |       |     1 ||     1
  Use: Scroll            |       |    10 |    10 |    13 |    24 |    17 |    11 |    15 ||   100
       Potion            |       |       |       |     5 |     5 |    10 |     7 |     8 ||    35
 Stab: Distracted        |       |     1 |     1 |     5 |    16 |    25 |    36 |    15 ||    99
       Sleeping          |       |       |     4 |     8 |    26 |    15 |    17 |     6 ||    76
       Invisible         |       |       |       |     7 |       |       |       |       ||     7
       Confused          |       |       |       |       |     2 |     2 |     6 |       ||    10
  Eat: Chunk             |     1 |    17 |    22 |    28 |    47 |    58 |    70 |    35 ||   278
       Fruit             |       |       |     1 |     2 |     9 |    11 |       |     3 ||    26
       Beef jerky        |       |       |       |       |     2 |     6 |       |    10 ||    18
       Pizza             |       |       |       |       |       |     1 |       |     5 ||     6
       Bread ration      |       |       |       |       |       |     1 |       |       ||     1
       Royal jelly       |       |       |       |       |       |       |       |     1 ||     1
